 Dungeon Crawl Stone Soup version 0.25-a0-1133-g93ebf739aa (webtiles) character file.

Game seed: 10088402365004101366, levelgen mode: deterministic

1428 MalarOregon the Skirmisher (level 8, 0/71 HPs)
             Began as a Pale Draconian Monk on May 22, 2020.
             Was a Believer of Fedhas.
             Slain by an ogre
             ... wielding a +0 giant spiked club
              (23 damage)
             ... on level 6 of the Dungeon.
             The game lasted 00:12:36 (7043 turns).

MalarOregon the Skirmisher (Pale Draconian Monk)    Turns: 7043, Time: 00:12:36

Health: 0/71       AC:  6    Str: 21    XL:     8   Next: 44%
Magic:  8/8        EV: 15    Int: 12    God:    Fedhas [**....]
Gold:   17         SH:  6    Dex: 13    Spells: 7/7 levels left

rFire    . . .     SeeInvis .   a - +1 mace
rCold    . . .     Gourm    .   l - +1 buckler
rNeg     . . .     Faith    .   (armour unavailable)
rPois    .         Spirit   .   (helmet restricted)
rElec    .         Reflect  .   (no cloak)
rCorr    .         Harm     .   (no gloves)
MR       .....                  (no boots)
Stlth    ++........             (no amulet)
HPRegen  0.21/turn              m - +6 ring of strength
MPRegen  0.11/turn              b - ring of flight

@: lightly drained
A: breathe steam, unfitting armour, cold-blooded, AC +6
a: Breathe Steam, Wall of Briars, Renounce Religion, Evoke Flight


You were on level 6 of the Dungeon.
You worshipped Fedhas.
Fedhas was pleased with you.
You were not hungry.

You visited 2 branches of the dungeon, and saw 7 of its levels.

You collected 251 gold pieces.
You spent 234 gold pieces at shops.

Inventory:

Hand Weapons
 a - a +1 mace (weapon)
Missiles
 k - 139 stones (quivered)
Armour
 l - a +1 buckler (worn)
   (You found it on level 1 of the Dungeon)
Jewellery
 b - a ring of flight (right hand)
   (You found it on level 5 of the Dungeon)
 m - a +6 ring of strength (left hand)
   (You found it on level 2 of the Dungeon)
Scrolls
 d - 2 scrolls of teleportation {@r4}
 g - 6 scrolls of remove curse {@r2}
 p - a scroll of identify {@r1}
Potions
 c - 3 potions of lignification {!q}
 h - 3 potions of flight
 i - a potion of berserk rage
 j - a potion of resistance
 n - a potion of might
 o - a potion of heal wounds {@q2}
 r - 2 potions of curing {@q1}
Comestibles
 e - 6 rations {!d}


   Skills:
 + Level 6.8(6.7) Fighting
 + Level 6.3(6.1) Maces & Flails
 + Level 5.7(5.6) Dodging
 - Level 1.7(1.6) Stealth
 - Level 4.0(3.8) Shields


You had 7 spell levels left.
You didn't know any spells.
Your spell library was empty.

Dungeon Overview and Level Annotations

Branches:
Dungeon (6/15)             Temple (1/1) D:5

Altars:
Cheibriados
Fedhas
Gozag
Okawaru
Trog
Uskayaw
Zin

Shops:
D:6 (!

Annotations:
D:5 exclusion: 4 orc wizards


Innate Abilities, Weirdness & Mutations

You can breathe blasts of scalding, opaque steam.
Your pale cyan-grey scales are hard. (AC +6)
You cannot fit into any form of body armour.
You are cold-blooded and may be slowed by cold attacks.


Message History

Aim: an ogre, wielding a +0 giant spiked club (poisoned)
You throw a poisoned dart. The poisoned dart hits the ogre.
A quokka comes into view.
Throwing (i - inventory. (/) - cycle)
f - 5 poisoned darts (quivered)
Aim: an ogre, wielding a +0 giant spiked club (poisoned)
You throw a poisoned dart. The poisoned dart hits the ogre.
The ogre looks even sicker.
Found a warped short sword.
You block the ogre's attack.
Throwing (i - inventory. (/) - cycle)
f - 4 poisoned darts (quivered)
Aim: an ogre, wielding a +0 giant spiked club (lightly wounded, poisoned)
You throw a poisoned dart. The poisoned dart hits the ogre.
The ogre looks even sicker.
The ogre looks more healthy.
Throwing (i - inventory. (/) - cycle)
f - 3 poisoned darts (quivered)
Aim: an ogre, wielding a +0 giant spiked club (moderately wounded)
You throw a poisoned dart.
The poisoned dart closely misses the ogre.
The ogre hits you with a +0 giant spiked club.
Throwing (i - inventory. (/) - cycle)
f - 2 poisoned darts (quivered)
Aim: an ogre, wielding a +0 giant spiked club (moderately wounded)
You throw a poisoned dart. The poisoned dart hits the ogre.
The ogre is poisoned.
The ogre misses you.
The ogre looks more healthy.
You hit the quokka.
Your tail-slap misses the quokka.
The quokka bites you but does no damage.
Throwing (i - inventory. (/) - cycle)
f - a poisoned dart (quivered)
Aim: an ogre, wielding a +0 giant spiked club (heavily wounded)
You throw a poisoned dart.
The poisoned dart closely misses the quokka.
The poisoned dart hits the ogre.
The quokka bites you but does no damage.
Throwing (i - inventory)
k - 140 stones (quivered)
Aim: an ogre, wielding a +0 giant spiked club (heavily wounded)
You throw a stone. The stone barely misses the quokka.
The stone completely misses the ogre.
The quokka misses you.
You barely miss the quokka.
Your tail-slap misses the quokka.
The quokka bites you. The quokka misses you.
You hit the quokka.
You kill the quokka!
Fedhas accepts your kill.
The ogre hits you with a +0 giant spiked club!
* * * LOW HITPOINT WARNING * * *
You hit the ogre. You barely miss the ogre. The ogre completely misses you.
You hit the ogre but do no damage.
The ogre hits you with a +0 giant spiked club!!
You die...
Fedhas appreciates your contribution to the ecosystem.

.((...##....# ##.............
..(... #....## ##........#.....
..#...##.##..####...............
.[..(..#..#...#....(............
.....()...#.....................
......(....r.##...........##....
........(########..........#....
...#.......##.##..#......###....
## #....(.....O@.####.....###...
#..........#...# ##..........
#>.........##....#.o..#..#...
#..>........#....#.......#...
#...#........##.....##...###..
#..###...?..##......#...###...
... ...$.........##.....#.....
.. .......)...#.##......∩.... ..
#.....###.[..)<


You could see an ogre.

Vanquished Creatures
  Menkaure (D:4)
  Duvessa (D:5)
  2 sky beasts (D:5)
  2 centaurs (D:5)
  A phantom (D:4)
  Dowan (D:5)
  A scorpion (D:5)
  4 killer bees
  3 wights (D:6)
  A centaur zombie (D:6)
  A centaur skeleton (D:5)
  A hound (D:4)
  An iguana (D:4)
  A worker ant (D:6)
  A hound skeleton (D:5)
  A worker ant zombie (D:5)
  9 adders
  A shadow imp (D:5)
  An adder zombie (D:2)
  2 adder skeletons
  3 worms
  3 dart slugs
  A leopard gecko (D:1)
  11 orcs
  3 giant cockroaches
  10 goblins
  4 hobgoblins
  6 jackals
  2 kobolds
  6 quokkas
  A ball python (D:3)
  14 bats
  6 frilled lizards
  A leopard gecko skeleton (D:5)
  A leopard gecko zombie (D:5)
  3 rats
111 creatures vanquished.

Notes
Turn   | Place    | Note
-------+----------+-------------------------------------------
     0 | D:1      | MalarOregon the Draconian Monk began the quest for the Orb.
     0 | D:1      | Reached XP level 1. HP: 19/19 MP: 1/1
   247 | D:1      | Reached XP level 2. HP: 26/26 MP: 2/2
   781 | D:1      | Reached XP level 3. HP: 7/33 MP: 3/3
  1390 | D:2      | Found a snail-covered altar of Cheibriados.
  1483 | D:2      | Reached skill level 1 in Shields
  1483 | D:2      | Reached XP level 4. HP: 40/40 MP: 4/4
  2287 | D:3      | Found an iron altar of Okawaru.
  2287 | D:3      | Found a bloodstained altar of Trog.
  2436 | D:3      | Noticed an orc warrior
  2787 | D:4      | HP: 2/40 [orc/+0 short sword (3)]
  2793 | D:4      | Reached XP level 5. HP: 2/47 MP: 5/5
  3159 | D:4      | Noticed Menkaure
  3168 | D:4      | Killed Menkaure
  3444 | D:4      | Noticed a phantom
  3498 | D:4      | Killed a phantom
  3498 | D:4      | Reached XP level 6. HP: 19/55 MP: 6/6
  3864 | D:4      | Reached skill level 5 in Fighting
  4292 | D:5      | Entered Level 5 of the Dungeon
  4307 | D:5      | Noticed an orc warrior
  4473 | D:5      | Your scales start taking on a pale cyan-grey colour.
  4473 | D:5      | Reached XP level 7. HP: 36/61 MP: 7/7
  4808 | D:5      | Noticed Dowan
  4809 | D:5      | Noticed Duvessa
  4830 | D:5      | Killed Duvessa
  4830 | D:5      | Reached skill level 5 in Maces & Flails
  5053 | D:5      | Found a glowing silver altar of Zin.
  5053 | D:5      | Found an opulent altar of Gozag.
  5056 | D:5      | Found a hide-covered altar of Uskayaw.
  5358 | D:5      | Found a staircase to the Ecumenical Temple.
  5369 | Temple   | Entered the Ecumenical Temple
  5390 | Temple   | Became a worshipper of Fedhas Madash
  5390 | Temple   | Reached * piety under Fedhas
  5390 | Temple   | Reached ** piety under Fedhas
  5590 | D:5      | Killed Dowan
  5590 | D:5      | Reached skill level 5 in Dodging
  5714 | D:5      | Reached XP level 8. HP: 66/70 MP: 8/8
  6211 | D:6      | Found Iwerghou's Distillery.
  6221 | D:6      | Bought a potion of might for 52 gold pieces
  6221 | D:6      | Bought a potion of curing for 39 gold pieces
  6221 | D:6      | Bought a potion of heal wounds for 65 gold pieces
  6221 | D:6      | Bought a potion of flight for 39 gold pieces
  6236 | D:6      | Bought a potion of lignification for 39 gold pieces
  6338 | D:6      | Found Xocwez's Antique Weapon Emporium.
  7043 | D:6      | Slain by an ogre

Illustrated notes

Levels and vault maps discovered:
D:1:      wheals_arrival_shading, layout_basic
D:2:      layout_basic, kennysheep_slug_shrine, minmay_misc_feat_hallway
D:3:      layout_loops_cross, gammafunk_temple_overflow_statue, first_ration
D:4:      layout_basic, uniq_menkaure
D:5:      layout_loops_ring, gammafunk_temple_overflow_forgotten,
          temple_statues, lightli_corner_chamber, uniq_duvessa
D:6:      layout_cave_pools, serial_shops, shop, nicolae_shop_waterfront,
          shop_statue, shop_statue, shop, gammafunk_ghost_abyssal_escape,
          uniq_grinder
Temple:   nicolae_temple_figure_eight

Skill      XL: |  1  2  3  4  5  6  7  8 |
---------------+-------------------------+-----
Dodging        | 3 4 5 |  5.7
Fighting       | 4 5 6 |  6.8
Shields        | 1 2 3 4 |  4.0
Maces & Flails | 4 5 6 |  6.3
Stealth        | |  1.7

Action                   |  1- 3 |  4- 6 |  7- 9 || total
-------------------------+-------+-------+-------++-------
Melee: Mace              |   121 |   174 |   133 ||   428
       Tailslap          |    15 |    23 |    19 ||    57
Throw: Dart              |       |       |    63 ||    63
       Stone             |       |       |     3 ||     3
 Abil: Breathe Steam     |       |       |     3 ||     3
  Use: Potion            |       |     1 |       ||     1
       Scroll            |       |    10 |       ||    10
 Stab: Sleeping          |     1 |     5 |     3 ||     9
  Eat: Chunk             |     2 |     6 |     5 ||    13
       Ration            |       |     1 |     1 ||     2
Armor: Skin              |    48 |    42 |    28 ||   118
Dodge: Dodged            |   119 |   107 |   109 ||   335
Block: Buckler           |    17 |    47 |    40 ||   104

Table legend:
 A = Non-vault XP
 B = Vault XP
 C = Vault XP percentage of total XP
 D = Non-vault monster count
 E = Vault monster count
 F = Vault count percentage of total count
                 A         B        C        D         E       F
            +---------+---------+-------+---------+---------+-------
      Total |    1642 |     399 |  19.5 |     107 |       4 |   3.6
            +---------+---------+-------+---------+---------+-------
        D:1 |      52 |       0 |   0.0 |      23 |       0 |   0.0
        D:2 |      63 |       4 |   6.0 |      23 |       1 |   4.2
        D:3 |      27 |       0 |   0.0 |       7 |       0 |   0.0
        D:4 |     256 |     172 |  40.2 |      19 |       1 |   5.0
        D:5 |     889 |     223 |  20.1 |      21 |       2 |   8.7
        D:6 |     355 |       0 |   0.0 |      14 |       0 |   0.0
            +---------+---------+-------+---------+---------+-------
